AoeStats
← LupusLobo

Fortress

510401833Analyzed
1v1 RM · 20h ago on Sep 30, 2026· 60m 45s· 2 players
Game mode
Random Map
Map size
Small (3 player)
Population
200
Speed
Normal
Resources
Standard
Victory
Conquest
Starting age
Dark Age
Ending age
Imperial Age
RankedLock teamsTeams togetherTeam positionsShared explorationLock speedFull tech treeHidden civsTurbo modeCheats
Victory
Defeat
🇺🇸 Koreans · United States
1515
+13
🇦🇷 Teutons · Argentina
1449
-13
LupusLobo
6:17 Feudal Age
6:46 Double-Bit Axe
6:44 Horse Collar
12:04 Castle Age
10:40 Gold Mining
13:14 Wheelbarrow
12:54 Bow Saw
23:38 Stone Mining
24:12 Scale Mail Armor
24:23 Forging
24:29 Arson
24:44 Squires
24:32 Gambesons
25:38 Chain Mail Armor
26:14 Hand Cart
25:47 Loom
28:17 Iron Casting
27:58 Heavy Plow
28:20 Town Watch
31:14 Imperial Age
30:36 Iron Casting
31:31 Ironclad
31:29 Bloodlines
31:24 Scale Barding Armor
32:35 Conscription
31:36 Elite Teutonic Knight
32:49 Plate Mail Armor
33:04 Chain Barding Armor
34:13 Blast Furnace
32:38 Capped Ram
33:16 Cavalier
33:46 Onager
35:25 Plate Barding Armor
36:07 Chemistry
35:05 Town Watch
37:18 Paladin
39:18 Town Patrol
39:29 Paladin
42:07 Siege Onager
43:12 Siege Engineers
ironweed91
8:24 Feudal Age
9:44 Double-Bit Axe
12:12 Castle Age
10:14 Horse Collar
10:51 Fletching
11:00 Gold Mining
11:03 Fletching
13:17 Bow Saw
13:08 Heavy Plow
14:31 Wheelbarrow
16:45 Loom
16:46 Town Watch
17:51 Gold Shaft Mining
18:55 Hand Cart
22:42 Bodkin Arrow
25:26 Ballistics
27:56 Imperial Age
27:46 Fortified Wall
28:31 Masonry
28:39 Bracer
29:57 Chemistry
29:46 Husbandry
30:45 Thumb Ring
31:00 Elite War Wagon
32:01 Conscription
32:50 Architecture
33:52 Heavy Rocket Cart
34:41 Siege Engineers
37:54 Eupseong
38:20 Shinkichon
40:08 Murder Holes
39:54 Treadmill Crane
44:13 Pikeman
44:53 Squires
44:55 Scale Mail Armor
45:05 Forging
44:59 Elite Fire Lancer
45:02 Halberdier
46:33 Chain Mail Armor
47:05 Iron Casting
48:04 Plate Mail Armor
48:14 Herbal Medicine
Connection lost

Rejoining the realm…

Still unreachable

The connection could not be restored.

Session expired

The server has moved on; the page needs a fresh start.